[Event "Early-Titled-Tuesday-Blitz-April-02-2024"]
[Site "Chess.com"]
[Date "2024.04.02"]
[Round "2"]
[White "wqws"]
[Black "Joachim100x"]
[Result "1-0"]
[WhiteElo "2725"]
[BlackElo "2547"]
[TimeControl "180+1"]
[EndTime "8:18:32 PDT"]
[Termination "wqws won on time"]

1. e4 c5 2. Nf3 e6 3. d4 cxd4 4.
Nxd4 Bc5 5. Nb3 Bb6 6. Nc3 Ne7 7. e5 Nbc6 8. Bf4 Ng6 9. Bg3 Ngxe5 10. Be2 O-O 11.
O-O f5 12. Bxe5 Nxe5 13. Kh1 f4 14. Qd6 Bc7 15. Qd4 f3 16. gxf3 Nxf3 17. Bxf3 Rxf3 18. Rg1 Qe7 19. Ne4 Rh3 20. Rg2 d5 21. Rag1 Rxh2+ 22. Rxh2 Bxh2 23. Nf6+ Kh8 24. Nxd5 exd5 25. Kxh2 Bf5 26.
c3 Be4 27. Rg4 Rf8 28. Qe3 Qe5+ 29. Rg3 Qf6 30. f3 Bxf3 31. Nd4 Be4 32. a4 Qh4+ 33. Rh3 Rf2+ 34. Kg1 Rg2+ 35. Kf1 Qf6+ 36. Rf3 Qe7 37.
Kxg2 Bxf3+ 38. Kxf3 Qd7 39. Qf4 h6 40. Qb8+ Kh7 41.
Qxa7 Qf7+ 42. Ke3 Qe7+ 43. Kd3 Qe4+ 44. Kd2 Qg2+ 45. Kc1 Qf1+ 46. Kc2 Qf2+ 47. Kb3 Qf7 48. a5 Qc7 49. Qb6 Qc4+ 50. Ka3 h5 51. Qxb7 h4 52. Ne6 Qg4 53. Qxd5 h3 54. Qe4+ 1-0

[Event "Early-Titled-Tuesday-Blitz-April-02-2024"]
[Site "Chess.com"]
[Date "2024.04.02"]
[Round "2"]
[White "JiiHart"]
[Black "GiorgianBarbosa"]
[Result "0-1"]
[WhiteElo "2174"]
[BlackElo "2480"]
[TimeControl "180+1"]
[EndTime "8:18:32 PDT"]
[Termination "GiorgianBarbosa won by checkmate"]

1. e4 c5 2. c3 g6 3. d4 Bg7 4.
Be3 cxd4 5. cxd4 d5 6. f3 dxe4 7. fxe4 Nf6 8. Bb5+ Bd7 9. Bxd7+ Qxd7 10. e5 Nd5 11.
Bc1 Nc6 12. Nf3 O-O 13. Nc3 Rac8 14. O-O e6 15. Ne4 Ncb4 16. Nc5 Qb5 17. a3 Nc6 18. Qd3 Qxd3 19. Nxd3 Na5 20. Nc5 b6 21. Bd2 Nc4 22. Ne4 Nxb2 23. Rac1 Nc4 24. Bb4 Nxb4 25.
axb4 Ne3 26. Rfe1 Nd5 27. b5 Ne7 28. Nd6 Ra8 29. Rc7 Nd5 30. Rb7 a6 31. Rc1 axb5 32. Nxb5 Bh6 33. Rb1 Be3+ 34. Kh1 Ra2 35. h3 Rfa8 36.
Nd6 Ra1 37. Rxa1 Rxa1+ 38. Kh2 Bf4+ 39. g3 Ra2+ 40. Kh1 Bxg3 41. Rxf7 Ne3 42. Rb7 Ra1+ 43. Ng1 Bf2 44. Rb8+ Kg7 45. Rb7+ Kh6 46. Kh2 Rxg1 47.
Nf7+ Kh5 48. Ng5 Kxg5 49. Rxh7 Rg2+ 50. Kh1 Bg3 51. h4+ Kg4 52. Rf7 Kh3 53. Rf1 Nxf1 54. h5 Rh2+ 55. Kg1 Ne3 56. h6 Bf2# 0-1

[Event "Early-Titled-Tuesday-Blitz-April-02-2024"]
[Site "Chess.com"]
[Date "2024.04.02"]
[Round "2"]
[White "KubaGepard"]
[Black "GoltsevDmitry2000"]
[Result "0-1"]
[WhiteElo "2581"]
[BlackElo "2814"]
[TimeControl "180+1"]
[EndTime "8:18:33 PDT"]
[Termination "GoltsevDmitry2000 won by resignation"]

1. e4 e6 2. d4 d5 3. Nc3 c5 4.
exd5 exd5 5. Bb5+ Nc6 6. Nf3 Nf6 7. O-O Be7 8. dxc5 Bxc5 9. Bg5 O-O 10. Bxf6 Qxf6 11. Qxd5 Bb6 12. Bxc6 bxc6 13. Qe5 Qg6 14. Rad1 Qxc2 15. Rd2 Qg6 16. Rd6 Be6 17. Ng5 Bc7 18. Nxe6 Bxd6 19. Nxf8 Bxe5 20. Nxg6 hxg6 21. g3 Rb8 22. Re1 f6 23. Re2 a5 24. Na4 Rb4 25. b3 Rd4 26. Kg2 g5 27. Rc2 g4 28. h3 gxh3+ 29.
Kxh3 g5 30. Nb2 Re4 31. Nc4 Bc7 32.
Ne3 Re6 33. Kg4 Kf7 34. Kf3 Kg6 35. g4 Bf4 36. Nf5 Kf7 37. Nd4 Re1 38. Nxc6 Bc7 39.
Nd4 Bb6 40. Nf5 Re6 41. Rd2 Rc6 42. Rd7+ Ke6 43. Rb7 Rc3+ 44. Ke4 Bc5 45. Rc7 Rc2 46. a4 Rc3 47. Nd4+ Bxd4 48. Rb7 Be5 49. Rb5 Rc2 50. Rxa5 Rxf2 51. Rb5 Rf4+ 52. Kd3 Rxg4 53. a5 Rd4+ 54.
Ke3 Rd6 55. Rb7 g4 56. b4 g3 57. b5 g2 58. Kf2 Rd2+ 59. Ke1 g1=Q+ 60. Kxd2 Qg2+ 0-1

[Event "Early-Titled-Tuesday-Blitz-April-02-2024"]
[Site "Chess.com"]
[Date "2024.04.02"]
[Round "2"]
[White "NastyaHn"]
[Black "FMStan15"]
[Result "1-0"]
[WhiteElo "2437"]
[BlackElo "2105"]
[TimeControl "180+1"]
[EndTime "8:18:35 PDT"]
[Termination "NastyaHn won on time"]

1. Nc3 Nf6 2. e4 d6 3. d4 Nbd7 4. f4 e5 5. Nf3 exd4 6. Nxd4 g6 7. Be2 Bg7 8. O-O O-O 9. Be3 Nc5 10. Bf3 Re8 11.
e5 dxe5 12. Nc6 Qxd1 13. Raxd1 e4 14. Be2 Ne6 15. Ne5 c6 16. g4 Rd8 17. Bc4 Nd7 18.
Nxf7 Kxf7 19. f5 Kg8 20. fxe6 Kh8 21. exd7 Bxd7 22. h3 h5 23. gxh5 Bxh3 24. Rxd8+ Rxd8 25. Rf7 gxh5 26. Rxb7 Be5 27. Rxa7 Bg4 28. Nxe4 Rd1+ 29. Kg2 Re1 30. Kf2 Rb1 31. Ra8+ Kg7 32. b3 Rb2 33.
Ra7+ Kh8 34. Bd3 Bd1 35. Ng5 Bxc2 36. Bxc2 Rxc2+ 37. Kf3 h4 38. Nf7+ Kg7 39. Nxe5+ Kf6 40. Ng4+ Kf5 41. Rf7+ Ke6 42. Rf6+ Kd7 43. Rh6 Rxa2 44.
Rxh4 Ra3 45. b4 Rb3 46. Rh7+ Ke6 47. Rh6+ Kf7 48. Rxc6 Rxb4 49. Ne5+ Kg7 50. Bf4 Rb3+ 51. Kg4 Rb4 52. Kf5 Rb5 53. Rc7+ Kf8 54. Bg5 1-0

[Event "Early-Titled-Tuesday-Blitz-April-02-2024"]
[Site "Chess.com"]
[Date "2024.04.02"]
[Round "2"]
[White "FGHSMN"]
[Black "Dixit_Nikhil"]
[Result "0-1"]
[WhiteElo "2921"]
[BlackElo "2639"]
[TimeControl "180+1"]
[EndTime "8:18:37 PDT"]
[Termination "Dixit_Nikhil won by checkmate"]

1. e4 c5 2. Nf3 Nc6 3. Nc3 e5 4. Bc4 d6 5. d3 Be7 6. Nd5 Nf6 7. Nxf6+ Bxf6 8. c3 O-O 9. O-O Be6 10. Rb1 d5 11.
exd5 Bxd5 12. Qe2 Bxc4 13. dxc4 Qc7 14. Be3 b6 15. Rfd1 Rfd8 16. Nd2 g6 17. Ne4 Bg7 18. Bg5 Rxd1+ 19. Rxd1 f5 20. Nf6+ Bxf6 21. Bxf6 Rf8 22.
Bh4 h6 23. f3 g5 24. Bg3 f4 25.
Bf2 Rd8 26. Rd5 Rxd5 27. cxd5 Ne7 28. c4 Qd6 29. h4 Nf5 30. hxg5 hxg5 31. Qe4 Nd4 32.
a3 a5 33. Be1 Kg7 34. Bc3 Kg8 35. Kf2 Kg7 36. Ke1 Qf6 37. Kd2 Qd6 38. Kd3 Qf6 39. b4 axb4 40. axb4 Qd6 41. Kd2 Qf6 42. Kc1 Qd6 43.
Kb2 Kg8 44. b5 Kg7 45. Qb1 Qg6 46. Qd1 Kf7 47. Qa4 Qd3 48. Qa7+ Kg6 49. Qxb6+ Kh5 50. Bxd4 Qxd4+ 51. Kb1 Qd3+ 52. Kb2 Qd2+ 53. Ka1 Qc1+ 54.
Ka2 Qxc4+ 55. Kb2 Qb4+ 56. Kc2 Qc4+ 57. Kd2 Qxd5+ 58. Ke1 Kh4 59. Qc6 Qd4 60. Qe4 Qc3+ 61. Kf2 Qd2+ 62. Kg1 Kg3 63. Kf1 Qf2# 0-1

[Event "Early-Titled-Tuesday-Blitz-April-02-2024"]
[Site "Chess.com"]
[Date "2024.04.02"]
[Round "2"]
[White "Mikhail_Bryakin"]
[Black "HATilay"]
[Result "1-0"]
[WhiteElo "2921"]
[BlackElo "2617"]
[TimeControl "180+1"]
[EndTime "8:18:37 PDT"]
[Termination "Mikhail_Bryakin won by resignation"]

1. Nf3 Nf6 2. e3 d5 3. c4 c5 4.
cxd5 Nxd5 5. b3 f6 6. Bb2 e5 7.
Bb5+ Nc6 8. O-O Be7 9. Nc3 Nc7 10.
Bxc6+ bxc6 11. d4 exd4 12. exd4 Bg4 13. h3 Bh5 14. dxc5 O-O 15. Qe2 Re8 16. Qc4+ Bf7 17. Qa4 Qd3 18. Qxc6 Rac8 19. Rad1 Qc2 20. Rd2 Qf5 21.
Qe4 Qxc5 22. Na4 Qa5 23. Bc3 Qb5 24. Nd4 Qg5 25. Nf3 Qb5 26. Qe2 Qb7 27. Qd1 Nd5 28.
Bb2 Nf4 29. Rd4 Ne6 30. Rd2 Rc7 31. Nd4 Nxd4 32. Bxd4 Bb4 33. Rd3 Bg6 34. Re3 Rxe3 35.
Bxe3 Rd7 36. Qg4 Be4 37. Qe6+ Kf8 38. Bc5+ Bxc5 39. Nxc5 Re7 40. Qd6 Qd5 41. Nxe4 Qxe4 42. Rc1 Kf7 43. Qd2 h5 44. Rc4 Qe5 45. h4 Qa1+ 46.
Kh2 Qe5+ 47. g3 Qf5 48. Kg2 Qe5 49. Rd4 a5 50. Qd3 Qc5 51. Rd5 Qc6 52. Qb5 Qc2 53. Rxh5 Re2 54. Qd5+ Kg6 55. Qf3 Rxf2+ 56. Qxf2 Qxf2+ 57. Kxf2 Kxh5 58. a3 1-0

[Event "Early-Titled-Tuesday-Blitz-April-02-2024"]
[Site "Chess.com"]
[Date "2024.04.02"]
[Round "2"]
[White "margarita_2703"]
[Black "zubridis"]
[Result "1/2-1/2"]
[WhiteElo "2315"]
[BlackElo "2529"]
[TimeControl "180+1"]
[EndTime "8:18:38 PDT"]
[Termination "Game drawn by repetition"]

1. e4 c5 2. c3 Nf6 3. e5 Nd5 4. d4 cxd4 5. cxd4 e6 6. Nf3 b6 7. a3 Ba6 8. Nc3 Nxc3 9. bxc3 Bxf1 10. Kxf1 Qc7 11. Qd3 d6 12. Bf4 Nd7 13. exd6 Bxd6 14. Bxd6 Qxd6 15. a4 O-O 16. g3 Rac8 17. a5 Qd5 18.
Kg2 b5 19. Rhe1 a6 20. Rac1 Rc4 21. Kg1 Rfc8 22. Ne5 Nxe5 23. Rxe5 Qd6 24. Qe3 b4 25. Rc5 R8xc5 26. dxc5 Qxc5 27. Qxc5 Rxc5 28. Rd1 Kf8 29.
cxb4 Rb5 30. Rd6 Rxb4 31. Rxa6 Ke7 32. Kg2 g5 33. Ra7+ Kf6 34. Ra8 h5 35. h3 g4 36.
h4 Ra4 37. a6 Ra1 38. Rh8 Kg7 39. Rxh5 f5 40. Rg5+ Kh7 41. Rh5+ Kg6 42. Rg5+ Kf6 43. Rg8 Rxa6 44. h5 Ra7 45. Rg6+ Ke5 46. h6 Rf7 47. f3 gxf3+ 48. Kxf3 Ra7 49. g4 Ra3+ 50. Kf2 fxg4 51. Rxg4 Rh3 52. Rg6 Kf5 53. Rg8 Rxh6 54. Ra8 Rh3 55.
Ra4 Rb3 56. Rc4 e5 57. Ra4 e4 58. Ra8 Rf3+ 59. Ke2 Rh3 60. Rf8+ Ke6 61. Re8+ Kd5 62.
Rd8+ Kc4 63. Rc8+ Kd4 64. Rd8+ Ke5 65. Re8+ Kd4 66. Rd8+ Ke5 67. Re8+ Kd4 68. Rd8+ 1/2-1/2

[Event "Early-Titled-Tuesday-Blitz-April-02-2024"]
[Site "Chess.com"]
[Date "2024.04.02"]
[Round "2"]
[White "Aisen1011"]
[Black "AnaKuchava"]
[Result "1-0"]
[WhiteElo "2465"]
[BlackElo "2167"]
[TimeControl "180+1"]
[EndTime "8:18:39 PDT"]
[Termination "Aisen1011 won by resignation"]

1. d4 d5 2. c4 e6 3. Nc3 Be7 4. cxd5 exd5 5. Qc2 c6 6. Nf3 Nf6 7. Bg5 h6 8. Bh4 O-O 9. e3 Re8 10. Bd3 Bg4 11. Ne5 Be6 12. O-O Nbd7 13. f4 Ng4 14.
Bxe7 Qxe7 15. Rae1 Ngxe5 16. fxe5 Nf8 17. Ne2 Rac8 18.
Ng3 c5 19. Qf2 c4 20. Bb1 b5 21. e4 b4 22. Nf5 Bxf5 23. exf5 Qc7 24. Qh4 c3 25. bxc3 bxc3 26. Bc2 Qd8 27. f6 Ne6 28. Qh5 Nxd4 29. fxg7 Rc7 30. Qxh6 f5 31. Qh8+ Kf7 32.
Qh5+ Kxg7 33. Bxf5 Nxf5 34. Rxf5 Rh8 35. Rg5+ Qxg5 36.
Qxg5+ Kf7 37. e6+ Ke8 38. Qg6+ Kd8 39. e7+ Rxe7 40. Qf6 Re8 41. Qd6+ Kc8 42. Qc6+ Kd8 43. Qxd5+ Kc8 44. Qc4+ Kb7 45. Rxe7+ Rxe7 46. Qb4+ Ka6 47. Qxe7 c2 48. Qa3+ Kb7 49. Qc1 a5 50. Qxc2 a4 51. g4 a3 52. g5 Kb6 53. g6 Kb5 54. g7 Ka5 55. Qc4 Kb6 56. g8=Q Ka7 57. Qce6 Kb7 1-0

[Event "Early-Titled-Tuesday-Blitz-April-02-2024"]
[Site "Chess.com"]
[Date "2024.04.02"]
[Round "2"]
[White "Truequitos"]
[Black "Rurep26"]
[Result "1-0"]
[WhiteElo "2567"]
[BlackElo "2713"]
[TimeControl "180+1"]
[EndTime "8:18:40 PDT"]
[Termination "Truequitos won by resignation"]

1. Nf3 d5 2. g3 c6 3. Bg2 Nf6 4. O-O Bf5 5. c4 e6 6. d4 h6 7. Qb3 Qb6 8. c5 Qxb3 9. axb3 Nbd7 10. Nbd2 g5 11. b4 a6 12. Nb3 Be7 13. h4 g4 14.
Ne1 Bd8 15. Bf4 Nh5 16. Bd6 Be7 17. Nd3 Bxd6 18. cxd6 Bxd3 19. exd3 Ng7 20. Nc5 Rb8 21. f3 gxf3 22. Bxf3 Nf5 23. Bh5 Nxc5 24. dxc5 O-O 25. Kh2 Kg7 26. Rf4 Ne3 27. Re1 e5 28. Rf3 d4 29. g4 f6 30. Rg1 b6 31. g5 hxg5 32.
hxg5 f5 33. cxb6 Rh8 34. Rh3 Rxb6 35. Bf3 Rxh3+ 36. Kxh3 Rxb4 37. Bxc6 Rb8 38. Ra1 Kg6 39. Kg3 Kxg5 40. Kf3 Kf6 41. Rxa6 Ke6 42. Ba4 Rd8 43.
d7+ Ke7 44. Ra5 Kd6 45. Ra6+ Ke7 46. Rh6 Nd5 47. Rh7+ Kd6 48. Rf7 Ke6 49. Rg7 Nf6 50.
b4 Nxd7 51. Rg6+ Kf7 52. Rd6 Nf6 53. Rxd8 e4+ 54. dxe4 fxe4+ 55. Kf4 Ke6 56. Rxd4 1-0

[Event "Early-Titled-Tuesday-Blitz-April-02-2024"]
[Site "Chess.com"]
[Date "2024.04.02"]
[Round "2"]
[White "RuperezA"]
[Black "Casablanca"]
[Result "1-0"]
[WhiteElo "2526"]
[BlackElo "2703"]
[TimeControl "180+1"]
[EndTime "8:18:41 PDT"]
[Termination "RuperezA won by resignation"]

1. e4 c5 2. Nf3 g6 3. d4 cxd4 4. Qxd4 Nf6 5. Nc3 Nc6 6. Qa4 d6 7. e5 dxe5 8. Nxe5 Bd7 9. Nxd7 Qxd7 10. Be3 Bg7 11. Rd1 Qc8 12. Be2 O-O 13. O-O a6 14.
Qh4 Rd8 15. Rxd8+ Qxd8 16. Rd1 Qa5 17. Bf3 Rd8 18. Rxd8+ Qxd8 19. Qa4 Qc8 20. Bxc6 bxc6 21. Qc4 e6 22. Bd4 Nd5 23. Bxg7 Kxg7 24. g3 Qb7 25.
Qd4+ Kg8 26. Ne4 Qb4 27. c4 e5 28. Qd3 Ne7 29. Qd8+ Kg7 30. Nd6 Kf6 31. Kg2 Ke6 32. Ne4 h6 33. a3 Qxc4 34. Qd6+ Kf5 35. Qf6+ Kxe4 36. Qxe7 Qd5 37. Qb4+ Kd3+ 38. Kg1 e4 39. Qc3+ Ke2 40. Qe3+ Kd1 41. Qxh6 Kc2 42. b4 Kb3 43. Qe3+ Qd3 44. Qc5 Qc4 45. Qb6 Kxa3 46. h4 Qxb4 47. Qxa6+ Qa4 48. Qb7 Qc4 49. Qa7+ Kb3 50. Qe3+ Kc2 51.
g4 Qd5 52. Kh2 c5 53. Kg3 c4 54. Qe2+ Qd2 55. Qxc4+ Qc3+ 56. Qxc3+ Kxc3 57. h5 gxh5 58. gxh5 1-0

[Event "Early-Titled-Tuesday-Blitz-April-02-2024"]
[Site "Chess.com"]
[Date "2024.04.02"]
[Round "2"]
[White "Shuvalov"]
[Black "Bauman_Guy"]
[Result "0-1"]
[WhiteElo "2607"]
[BlackElo "2904"]
[TimeControl "180+1"]
[EndTime "8:18:43 PDT"]
[Termination "Bauman_Guy won by resignation"]

1. d4 Nf6 2. c4 e6 3. Nf3 d5 4. Nc3 c5 5. cxd5 Nxd5 6. e4 Nxc3 7. bxc3 cxd4 8. cxd4 Bb4+ 9. Bd2 Bxd2+ 10. Qxd2 O-O 11.
h4 b6 12. h5 Bb7 13. Bd3 Nd7 14. e5 h6 15. Rh3 Kh8 16. Rg3 Bxf3 17. Rxf3 Qh4 18.
Bb5 Rad8 19. Rh3 Qe4+ 20. Qe3 Qxg2 21. Bf1 Qg5 22. Qxg5 hxg5 23. h6 gxh6 24. Rxh6+ Kg7 25. Rh3 f6 26. exf6+ Nxf6 27. Rd1 Ne4 28. Rh2 Rf4 29.
Rc1 Rxd4 30. Rc7+ Kf6 31. Rxa7 Nc3 32. Be2 Rde4 33. f3 Rxf3 34. Kd2 Rg3 35. Bd3 Rd4 36. Kxc3 Rgxd3+ 37. Kc2 Rf3 38. Ra8 g4 39. Rg8 Ra4 40.
Kb2 Ke5 41. Re2+ Re4 42. Rxe4+ Kxe4 43. Rxg4+ Kd5 44. Rb4 Kc5 45. Re4 Rf6 46. Kb3 Kd5 47.
Rb4 e5 48. Rb5+ Kd4 49. Rb4+ Kd3 50. Rb5 e4 51. Rd5+ Ke2 52. Re5 e3 53. Kc2 Rc6+ 54.
Kb2 Kd2 55. Rd5+ Ke1 56. Rf5 e2 57. a4 Rc5 58. Rf6 Kd2 59. Rd6+ Ke3 60. Re6+ Kd3 61. Rd6+ Ke4 62. Rxb6 e1=Q 63. Re6+ Re5 64. Rxe5+ Kxe5 65. a5 Qxa5 0-1

[Event "Early-Titled-Tuesday-Blitz-April-02-2024"]
[Site "Chess.com"]
[Date "2024.04.02"]
[Round "2"]
[White "tactic"]
[Black "GMKrikor"]
[Result "0-1"]
[WhiteElo "2615"]
[BlackElo "2916"]
[TimeControl "180+1"]
[EndTime "8:18:47 PDT"]
[Termination "GMKrikor won by resignation"]

1. e4 c5 2. c3 Nf6 3. e5 Nd5 4. Nf3 Nc6 5. Na3 g6 6. Qb3 Nb6 7. d4 cxd4 8. cxd4 Bg7 9. d5 Nxe5 10. Nxe5 Bxe5 11. Bh6 d6 12. Bb5+ Bd7 13. O-O a6 14. Bxd7+ Nxd7 15. Nc4 Nc5 16. Qe3 Bf6 17. Rac1 Rg8 18.
b4 Na4 19. Bf4 Kf8 20. Na5 Qd7 21. Rc2 Kg7 22. Rfc1 Rac8 23. g3 h5 24. Qa7 Rxc2 25. Rxc2 Nc3 26. Bd2 Nxd5 27. Nxb7 Rc8 28. Rxc8 Qxc8 29.
Qxa6 Qc2 30. Be1 Qd1 31. Kf1 Nxb4 32. Qe2 Qxe2+ 33. Kxe2 Nxa2 34. Na5 Nc3+ 35. Kd3 Nd5 36. Nc4 Nc7 37. Ne3 e6 38. Nc4 Be7 39. Bc3+ Kf8 40.
Ne3 d5 41. Be5 Nb5 42. Nc2 Bd6 43. Bf6 Be7 44. Be5 Bc5 45. f3 Nd6 46. g4 hxg4 47.
fxg4 Ne4 48. h4 Be7 49. h5 gxh5 50. gxh5 f6 51. Bf4 Kf7 52. Ne3 Nc5+ 53. Ke2 Nd7 54. Kf3 Bc5 55. Ng2 e5 56. Bd2 f5 57. Nh4 Kf6 58. h6 e4+ 59. Kg3 Bd6+ 60. Bf4 Bxf4+ 61. Kxf4 Nf8 62. h7 Nxh7 63. Nxf5 Ng5 64. Ne3 Ne6+ 65.
Kg4 Ke5 66. Kg3 Nc5 67. Kf2 d4 68. Nf1 Kf4 69. Ke2 Nb3 70. Nd2 Nxd2 0-1

[Event "Early-Titled-Tuesday-Blitz-April-02-2024"]
[Site "Chess.com"]
[Date "2024.04.02"]
[Round "2"]
[White "kleber2007"]
[Black "Revan_2002"]
[Result "1/2-1/2"]
[WhiteElo "2464"]
[BlackElo "2714"]
[TimeControl "180+1"]
[EndTime "8:18:47 PDT"]
[Termination "Game drawn - insufficient material"]

1. Nf3 Nf6 2. g3 g6 3. b3 Bg7 4. Bb2 O-O 5. Bg2 d6 6. d4 c6 7. O-O Qa5 8. Re1 Qh5 9. e4 Bg4 10. Nbd2 Nbd7 11. Qe2 e5 12. Qf1 exd4 13. Nxd4 Nc5 14.
h3 Bd7 15. f4 Ne6 16. Nxe6 Bxe6 17. Nf3 Qc5+ 18. Qf2 Qxf2+ 19. Kxf2 Nxe4+ 20. Rxe4 Bxb2 21. Rd1 d5 22. Re2 Rfe8 23. c4 Bc3 24. Ng5 Rad8 25. Nxe6 Rxe6 26. cxd5 Red6 27. Re3 Bf6 28.
Red3 c5 29. a4 b6 30. R3d2 a6 31. Bf1 Bd4+ 32. Kf3 Ra8 33. Bc4 Kf8 34. Re2 Bf6 35. g4 h6 36. Re3 Ra7 37. Re2 Rd8 38. d6 Bd4 39. Re7 Rxe7 40. dxe7+ Kxe7 41. Bxa6 Kf6 42.
Re1 Bc3 43. Re3 Bd4 44. Re2 Rh8 45. Bc4 Rd8 46. h4 Rd7 47. g5+ hxg5 48. hxg5+ Kg7 49. Kg4 Kf8 50. f5 gxf5+ 51. Kxf5 Bc3 52. g6 fxg6+ 53. Kxg6 Rd6+ 54. Kf5 Rf6+ 55. Ke4 Bd4 56. Kd5 Rh6 57. Re6 Rxe6 58. Kxe6 Ke8 59. Kd6 Kd8 60.
Kc6 Kc8 61. Kxb6 Kb8 62. a5 Bf6 63. Kxc5 Be7+ 64. Kb6 Bd8+ 65. Kb5 Be7 66. b4 Bxb4 67. Bd5 Bxa5 1/2-1/2

[Event "Early-Titled-Tuesday-Blitz-April-02-2024"]
[Site "Chess.com"]
[Date "2024.04.02"]
[Round "2"]
[White "eljanov"]
[Black "Journey_to_GrandMaster_YT"]
[Result "1-0"]
[WhiteElo "2883"]
[BlackElo "2600"]
[TimeControl "180+1"]
[EndTime "8:18:48 PDT"]
[Termination "eljanov won on time"]

1. e4 d6 2. d4 Nf6 3. Nc3 e5 4. Nf3 Nbd7 5. h3 c6 6. a4 a5 7. g4 h6 8. Be3 Be7 9. Rg1 Qc7 10. h4 exd4 11. Nxd4 Nc5 12. Qf3 g6 13. O-O-O h5 14. gxh5 Rxh5 15. Bg5 Nh7 16. Nf5 Bxf5 17. exf5 Nxg5 18. hxg5 Rxg5 19. Bh3 gxf5 20. Bxf5 Ne6 21.
Qh3 O-O-O 22. Bxe6+ fxe6 23. Qxe6+ Qd7 24. Qxd7+ Kxd7 25. f4 Rxg1 26. Rxg1 Rf8 27. Ne2 d5 28. Kd2 Rf7 29. Rg6 Bd6 30. Ke3 Re7+ 31. Kf3 Bc5 32. Ng3 Re3+ 33. Kg4 Kc7 34. f5 Bd6 35. Kh4 Bxg3+ 36.
Rxg3 Re2 37. Kg5 Kd7 38. Kg6 Ke7 39. Kg7 Rxc2 40. f6+ Ke6 41. f7 Rf2 42. f8=Q Rxf8 43. Kxf8 d4 44. Rb3 c5 45. Rxb7 Kd5 46. Ke7 d3 47. Rd7+ Kc4 48. Kd6 Kb4 49. Kc6 c4 50. Kb6 Kxa4 51. Kc5 Kb3 52. Rd4 a4 53. Rxc4 d2 54. Rd4 Kc2 55. Kb4 Kxb2 56. Rxd2+ Kc1 57. Rf2 1-0

[Event "Early-Titled-Tuesday-Blitz-April-02-2024"]
[Site "Chess.com"]
[Date "2024.04.02"]
[Round "2"]
[White "WiktoriaPOL"]
[Black "nekotyanof"]
[Result "1-0"]
[WhiteElo "2331"]
[BlackElo "2664"]
[TimeControl "180+1"]
[EndTime "8:18:50 PDT"]
[Termination "WiktoriaPOL won by resignation"]

1. c4 Nf6 2. Nc3 c5 3. Nf3 g6 4.
d4 cxd4 5. Nxd4 d6 6. e4 Bg7 7. Be2 O-O 8. Be3 Nc6 9. O-O a6 10. Rc1 Bd7 11. b3 e5 12. Nc2 Qe7 13. Bg5 h6 14. Nd5 Qd8 15. Nxf6+ Bxf6 16. Bxh6 Re8 17. Qxd6 Nd4 18. Nxd4 exd4 19. Bf4 Rxe4 20. Bf3 Re6 21. Qc7 Qxc7 22. Bxc7 Rc8 23. Bg3 b5 24. cxb5 Rxc1 25. Rxc1 Bxb5 26. h4 d3 27. a4 d2 28. Rd1 Re1+ 29. Kh2 Be2 30. Rxd2 Bxf3 31. gxf3 Rb1 32. Rd6 Kg7 33. Rxa6 Rxb3 34. Kg2 Rb4 35. Ra8 Bxh4 36. Be5+ Bf6 37. Bd6 Rb2 38.
Bc5 Bc3 39. a5 Rb5 40. Bf8+ Kh7 41. a6 Bd4 42. Bd6 Rb2 43. Bg3 Ra2 44. Rd8 Bc5 45. Rc8 Ra5 46. Rc6 Bd4 47. Rd6 Ra4 48. Rd7 Kg8 49.
Rd8+ Kh7 50. Rd7 Kh6 51. Bf4+ g5 52. Bb8 f6 53. a7 Kg6 54. Rxd4 Rxd4 55. a8=Q g4 56.
fxg4 Rxg4+ 57. Bg3 f5 58. Qf3 Rd4 59. Qc6+ Kh5 60.
Qc5 Re4 61. Qxf5+ 1-0

[Event "Early-Titled-Tuesday-Blitz-April-02-2024"]
[Site "Chess.com"]
[Date "2024.04.02"]
[Round "2"]
[White "RealPerangel"]
[Black "sergoy"]
[Result "1/2-1/2"]
[WhiteElo "2526"]
[BlackElo "2891"]
[TimeControl "180+1"]
[EndTime "8:18:52 PDT"]
[Termination "Game drawn by repetition"]

1. e4 c5 2. g3 d5 3. exd5 Qxd5 4.
Nf3 Nc6 5. Nc3 Qe6+ 6. Be2 Nf6 7. d4 cxd4 8. Nxd4 Qd7 9. Bb5 e5 10. Nxc6 bxc6 11. Ba4 Be7 12. Qxd7+ Bxd7 13. Be3 Nd5 14.
Bd2 Rb8 15. O-O-O Nb6 16. Bb3 O-O 17. Be3 Bg4 18. Rd2 Rfd8 19. Re1 Kf8 20. f4 exf4 21. Bxf4 Rbc8 22. Rf1 f6 23. Ne4 Rxd2 24. Nxd2 Nd5 25. Bxd5 cxd5 26. Be3 a6 27. c3 Kf7 28. Nb3 h5 29. Kd2 Bd6 30. Bf4 Be7 31. Nd4 a5 32.
b3 Bd7 33. Be3 Ba3 34. Nc2 Bd6 35. Nd4 h4 36. Bf4 Ba3 37. Nc2 Bb2 38. Be5 Bb5 39.
Rb1 fxe5 40. Rxb2 hxg3 41. hxg3 Rh8 42. Ne3 Rh2+ 43. Kc1 Rh1+ 44. Kd2 Ke6 45. c4 Bc6 46. cxd5+ Bxd5 47. Rc2 Rg1 48. g4 Bf3 49. Rc5 Bxg4 50. Rxa5 Bf3 51. Nc4 e4 52. Ke3 g5 53. Nd2 g4 54.
Rg5 Re1+ 55. Kf4 Rd1 56. Nxe4 Rd4 57. Re5+ Kd7 58. Ke3 Rd1 59. Nf6+ Kd6 60. Rg5 Rg1 61.
Kf4 Ra1 62. a4 Ra3 63. Rb5 Bd1 64. Ne4+ Kc6 65. Rc5+ Kb6 66. Rb5+ Kc6 67. Nd2 Ra2 68.
Ne4 Ra3 1/2-1/2

[Event "Early-Titled-Tuesday-Blitz-April-02-2024"]
[Site "Chess.com"]
[Date "2024.04.02"]
[Round "2"]
[White "Irina_Mikhaylova"]
[Black "RedFirePanda"]
[Result "1/2-1/2"]
[WhiteElo "2346"]
[BlackElo "2539"]
[TimeControl "180+1"]
[EndTime "8:18:52 PDT"]
[Termination "Game drawn - insufficient material"]

1. d4 d5 2. Nf3 Nf6 3. c4 dxc4 4. e3 Bf5 5. Bxc4 e6 6. Nc3 c6 7. Qe2 Bb4 8. Bd2 O-O 9. a3 Ba5 10. b4 Bc7 11. h3 h6 12. Rd1 Nbd7 13. Bc1 Nb6 14. Bd3 Bxd3 15. Qxd3 Nbd5 16. Bb2 Re8 17. e4 Nf4 18. Qf1 a5 19. g3 Ng6 20. Qc4 axb4 21. axb4 Qe7 22. O-O Red8 23. Kg2 Rd7 24. d5 cxd5 25.
exd5 exd5 26. Nxd5 Nxd5 27. Rxd5 Rxd5 28. Qxd5 Qxb4 29.
Qd4 Qxd4 30. Bxd4 b5 31. Rb1 Rb8 32. Bc5 Ne5 33. Nd2 Nd3 34. Ba7 Rb7 35. Be3 b4 36. Nb3 Bd6 37. Rd1 Nc5 38. Bxc5 Bxc5 39. Nxc5 Rb5 40. Nb3 Rb8 41. Rd4 Kf8 42. Kf3 Ke7 43. Ke4 Ke6 44. f4 f5+ 45. Kd3 g5 46. Kc4 Rc8+ 47.
Kxb4 Rb8+ 48. Kc4 Rc8+ 49. Nc5+ Kf6 50. Rd6+ Kg7 51. Kd5 Ra8 52. Ne6+ Kh7 53. Ke5 Ra3 54. g4 gxf4 55. Nxf4 fxg4 56. hxg4 Ra5+ 57. Kf6 Rg5 58.
Ne6 Rxg4 59. Rd7+ Kh8 60. Rd8+ Rg8 61. Rd7 h5 62. Kf7 Rg1 63. Rd8+ Kh7 64. Nf8+ Kh8 65.
Rd6 Rf1+ 66. Kg6 Rxf8 67. Kxh5 Rf1 68. Rg6 Rh1+ 69. Kg5 Rg1+ 70. Kf6 Rxg6+ 71. Kxg6 1/2-1/2

[Event "Early-Titled-Tuesday-Blitz-April-02-2024"]
[Site "Chess.com"]
[Date "2024.04.02"]
[Round "2"]
[White "javirec"]
[Black "DeArron_Fox"]
[Result "1-0"]
[WhiteElo "2278"]
[BlackElo "2496"]
[TimeControl "180+1"]
[EndTime "8:18:52 PDT"]
[Termination "javirec won by checkmate"]

1. d4 d5 2. c4 e6 3. Nc3 Nf6 4. Bg5 Be7 5. cxd5 exd5 6. Qc2 c6 7. e3 Nbd7 8. Bd3 Nh5 9. Bxe7 Qxe7 10. Nge2 g6 11.
O-O-O Nb6 12. Ng3 Nxg3 13. hxg3 Be6 14. Ne2 O-O-O 15. Nf4 Kb8 16. Kb1 Rc8 17. Rc1 h5 18.
Qc5 Rhe8 19. Qxe7 Rxe7 20. Rc3 Rce8 21. Rhc1 Bc8 22. Bc2 Nc4 23. Rd1 Nd6 24. Rb3 Bf5 25. Bxf5 Nxf5 26. Nd3 Rh8 27. Nc5 h4 28. g4 Nd6 29. Rh1 Ne4 30. Nxe4 Rxe4 31. f3 Re7 32. Kc2 f5 33. g5 Rhe8 34. Kd2 f4 35. Re1 fxe3+ 36.
Rbxe3 Rxe3 37. Rxe3 Rxe3 38. Kxe3 Kc7 39. Kf4 Kd7 40. Kg4 Ke6 41. Kxh4 Kf5 42. Kg3 Kxg5 43. f4+ Kf5 44. Kf3 b6 45. g4+ Kf6 46. b4 Ke6 47.
Kg3 Kf6 48. Kh4 a6 49. a3 Kf7 50. f5 gxf5 51. gxf5 Kf6 52. Kg4 Kf7 53. Kg5 Kg7 54. f6+ Kf7 55. Kf5 Kf8 56. Ke6 Ke8 57. f7+ Kf8 58. Kf6 c5 59. bxc5 bxc5 60. dxc5 d4 61. c6 d3 62. c7 d2 63. c8=Q# 1-0

[Event "Early-Titled-Tuesday-Blitz-April-02-2024"]
[Site "Chess.com"]
[Date "2024.04.02"]
[Round "2"]
[White "Slovineanu"]
[Black "ilqar_74"]
[Result "0-1"]
[WhiteElo "2478"]
[BlackElo "2809"]
[TimeControl "180+1"]
[EndTime "8:18:53 PDT"]
[Termination "ilqar_74 won on time"]

1. d4 Nf6 2. Nf3 g6 3. Nbd2 Bg7 4. e4 d6 5. Bb5+ c6 6. Bd3 O-O 7. O-O Nbd7 8. Re1 e5 9. dxe5 Nxe5 10. Nxe5 dxe5 11.
a4 Qe7 12. b3 Rd8 13. Qe2 b6 14.
Ba3 c5 15. Bc4 Bb7 16. Bb2 Rd6 17. Bd3 Rad8 18. Nc4 Re6 19. f3 Nh5 20. g3 Qg5 21. Kh1 Qh6 22. Bc1 Nxg3+ 23. Kg2 Nxe2 24. Bxh6 Nf4+ 25.
Bxf4 exf4 26. Rad1 Bc3 27. Rf1 a6 28. Na3 Re5 29. Bc4 Ree8 30. Kf2 Bd4+ 31. Ke2 Kg7 32. Nb1 f5 33. c3 Bf6 34. Rxd8 Bxd8 35. Nd2 Bf6 36.
Kd3 fxe4+ 37. Nxe4 g5 38. Rg1 h6 39. h4 Rd8+ 40.
Kc2 Bxe4+ 41. fxe4 a5 42. hxg5 hxg5 43. Be2 Rh8 44.
Bg4 Rh2+ 45. Kd3 Be5 46. Kc4 Rc2 47. Bf5 Kf6 48. Rh1 Rxc3+ 49. Kd5 Rd3+ 50. Kc6 Rd6+ 51. Kb5 Kf7 52. Rh7+ Kf8 53. Rh5 Bf6 54. e5 Bxe5 55.
Rxg5 Bf6 56. Rh5 f3 57. Bh3 Kg7 58. Rf5 Rd3 59. Kc4 Rc3+ 60. Kd5 Bd4 61. Bg4 f2 62.
Be2 Rxb3 63. Bc4 Rb4 64. Bb5 Kg6 65. Ke6 Rxb5 66. axb5 a4 67. Rf3 a3 0-1